 Dungeon Crawl Stone Soup version 0.25.1-9-gc5326a611f (webtiles) character file.

Game seed: 88594453863414854

1451723 AlexTheUnready the Conqueror (level 27, 178/273 HPs)
             Began as a Minotaur Monk on May 1, 2023.
             Was the Champion of Zin.
             Escaped with the Orb
             ... and 3 runes on May 5, 2023!
             The game lasted 03:44:58 (116568 turns).

AlexTheUnready the Conqueror (Minotaur Monk)      Turns: 116568, Time: 03:44:58

Health: 178/273    AC: 47    Str: 44    XL:     27
Magic:  33/38      EV: 10    Int:  7    God:    Zin [******]
Gold:   9864       SH: 29    Dex: 10    Spells: 26/26 levels left

rFire    + . .     SeeInvis +   d - +9 war axe of Tism {venom, Str+8 Int-3}
rCold    + + .     Gourm    .   B - +0 tower shield
rNeg     + . .     Faith    +   X - +11 gold dragon scales
rPois    +         Spirit   .   u - +0 hat
rElec    .         Reflect  .   q - +2 cloak
rCorr    +         Harm     .   i - +0 pair of gloves "Weitaimp" {Str+3 Int+3} (curse)
MR       +++..                  k - +2 pair of boots {run}
Stlth    ..........             f - amulet of faith
HPRegen  0.55/turn              N - ring "Irrao" {rCorr Str+5 Dex-4 SInv}
MPRegen  0.26/turn              V - ring "Seshusaj" {rPois rC+ rN+ MR+}

@: quick
A: retaliatory headbutt, horns 2
0: Orb of Zot
}: 3/15 runes: serpentine, barnacled, silver
a: Recite, Vitalisation, Imprison, Sanctuary, Donate Gold, Renounce Religion


You escaped.
You worshipped Zin.
Zin was exalted by your worship.
You were hungry.

You visited 11 branches of the dungeon, and saw 53 of its levels.
You also visited: Ice Cave and Volcano.

You collected 11959 gold pieces.
You spent 1673 gold pieces at shops.
You donated 422 gold pieces to Zin.

Inventory:

Hand Weapons
 d - the +9 war axe of Tism (weapon) {venom, Str+8 Int-3}
   (You bought it in a shop on level 2 of the Orcish Mines)

   It poisons the flesh of those it strikes.
   It affects your strength (+8).
   It affects your intelligence (-3).
 z - a +0 hand axe of flaming
 D - the +10 war axe "Benkammae" {freeze, Stlth+}
   (You took it off a vault guard on level 5 of the Vaults)

   It has been specially enchanted to freeze those struck by it, causing extra
   injury to most foes and up to half again as much damage against particularly
   susceptible opponents.
   It can also slow down cold-blooded creatures.
   It makes you more stealthy.
 M - a +8 vorpal broad axe
 O - the +3 Elemental Staff {rElec rF++ rC++ MR++ AC+5}
   (You found it on level 3 of the Crypt)

   It affects your AC (+5).
   It greatly protects you from fire.
   It greatly protects you from cold.
   It insulates you from electricity.
   It affects your resistance to hostile enchantments.
 R - the +6 arbalest "Damnation" {damnation}
   (You found it on level 13 of the Dungeon)

   Zin disapproves of the use of such an item.
Missiles
 o - 93 boomerangs (quivered)
 r - 17 silver javelins
 x - 2 boomerangs of dispersal
 E - 12 throwing nets
 G - 106 javelins
 U - 12 silver boomerangs
Armour
 i - the cursed +0 pair of gloves "Weitaimp" (worn) {Str+3 Int+3}
   (You found it on level 5 of the Depths)

   It affects your strength (+3).
   It affects your intelligence (+3).
   It has a curse placed upon it.
 k - a +2 pair of boots of running (worn)
 q - a +2 cloak (worn)
 u - a +0 hat (worn)
 B - a +0 tower shield (worn)
 T - the cursed +0 pair of boots of Asumeas {MR+ Dex+4 SInv}
   (You found it on level 2 of the Elven Halls)

   It affects your dexterity (+4).
   It affects your resistance to hostile enchantments.
   It lets you see invisible.
   It has a curse placed upon it.
 W - the +0 pair of boots of the Ten Nightcaps {Str+2}
   (You found it on level 13 of the Dungeon)

   It affects your strength (+2).
 X - +11 gold dragon scales (worn)
Jewellery
 f - an amulet of faith (around neck)
 w - a +4 ring of protection
 F - the ring of Beogh's Approval {rF+ rC+ Int+4}
   (You found it on level 2 of the Elven Halls)

   [ring of protection from cold]

   It affects your intelligence (+4).
   It protects you from fire.
   It protects you from cold.
 N - the ring "Irrao" (left hand) {rCorr Str+5 Dex-4 SInv}
   (You found it on level 2 of the Crypt)

   [ring of resist corrosion]

   It affects your strength (+5).
   It affects your dexterity (-4).
   It lets you see invisible.
   It provides partial protection from all sources of acid and corrosion.
 V - the ring "Seshusaj" (right hand) {rPois rC+ rN+ MR+}
   (You found it on level 5 of the Lair of Beasts)

   [ring of protection from cold]

   It protects you from cold.
   It protects you from poison.
   It protects you from negative energy.
   It affects your resistance to hostile enchantments.
 Z - an uncursed amulet of regeneration
Wands
 a - a wand of enslavement (7)
 A - a wand of iceblast (11)
 K - a wand of digging (31)
 Y - a wand of acid (7)
Scrolls
 e - 11 scrolls of teleportation
 g - 25 scrolls of remove curse
 h - a scroll of brand weapon
 j - 4 scrolls of holy word
 n - 7 scrolls of magic mapping
 p - 7 scrolls of fear
 t - 3 scrolls of summoning
 v - 27 scrolls of identify
 y - 14 scrolls of blinking
 H - a scroll of silence
 Q - 4 scrolls of fog
Potions
 b - 13 potions of curing
 l - 5 potions of heal wounds
 m - 9 potions of might
 s - 2 potions of cancellation
 C - 6 potions of haste
 I - 3 potions of mutation
 J - 3 potions of resistance
 L - 2 potions of flight
 P - a potion of brilliance
 S - a potion of invisibility
Comestibles
 c - 14 rations


   Skills:
 O Level 27 Fighting
 - Level 18.0 Axes
 + Level 15.0 Throwing
 + Level 25.9 Armour
 - Level 3.2 Dodging
 - Level 1.5 Stealth
 - Level 25.0 Shields
 * Level 25.7 Invocations


You had 26 spell levels left.
You didn't know any spells.
Your spell library contained the following spells:

 Spells                   Type           Power        Failure   Level  Hunger
 Animate Skeleton         Necr           N/A          85%         1    ##.....
 Apportation              Tloc           #.....       85%         1    ##.....
 Beastly Appendage        Tmut           #.....       85%         1    ##.....
 Corona                   Hex            #......      85%         1    ##.....
 Foxfire                  Conj/Fire      #...         85%         1    ##.....
 Infusion                 Chrm           #...         85%         1    ##.....
 Magic Dart               Conj           #...         85%         1    ##.....
 Sandblast                Erth           #.....       85%         1    ##.....
 Shock                    Conj/Air       #...         85%         1    ##.....
 Sting                    Tmut/Pois      #...         85%         1    ##.....
 Blink                    Tloc           N/A          94%         2    ###....
 Call Imp                 Summ           #.......     94%         2    ###....
 Corpse Rot               Necr/Air       N/A          94%         2    ###....
 Ensorcelled Hibernation  Hex/Ice        #.....       94%         2    ###....
 Passwall                 Tmut/Erth      #.......     94%         2    ###....
 Poisonous Vapours        Pois/Air       #.....       94%         2    ###....
 Searing Ray              Conj           #.....       94%         2    ###....
 Shroud of Golubria       Chrm/Tloc      #.....       94%         2    ###....
 Slow                     Hex            #.......     94%         2    ###....
 Song of Slaying          Chrm           #.......     94%         2    ###....
 Swiftness                Chrm/Air       #.......     94%         2    ###....
 Confusing Touch          Hex            #.......     99%         3    ####...
 Conjure Flame            Conj/Fire      #.......     99%         3    ####...
 Dazzling Flash           Conj/Hex       #.....       99%         3    ####...
 Frozen Ramparts          Ice            #.....       99%         3    ####...
 Gell's Gravitas          Tloc           #.........   99%         3    ####...
 Ignite Poison            Fire/Tmut/Pois #.......     99%         3    ####...
 Inner Flame              Hex/Fire       #.......     99%         3    ####...
 Lesser Beckoning         Tloc           #.........   99%         3    ####...
 Mephitic Cloud           Conj/Pois/Air  #.......     99%         3    ####...
 Ozocubu's Armour         Chrm/Ice       #.......     99%         3    ####...
 Portal Projectile        Hex/Tloc       #.....       99%         3    ####...
 Recall                   Summ/Tloc      N/A          99%         3    ####...
 Spectral Weapon          Hex/Chrm       #.......     99%         3    ####...
 Stone Arrow              Conj/Erth      #.....       99%         3    ####...
 Summon Guardian Golem    Hex/Summ       #.......     99%         3    ####...
 Teleport Other           Tloc           #.......     99%         3    ####...
 Tukima's Dance           Hex            #.......     99%         3    ####...
 Animate Dead             Necr           N/A          100%        4    #####..
 Cause Fear               Hex            #.........   100%        4    #####..
 Fulminant Prism          Conj/Hex       #.........   100%        4    #####..
 Ice Form                 Ice/Tmut       #.......     100%        4    #####..
 Iskenderun's Mystic Bla  Conj/Tloc      #.......     100%        4    #####..
 Leda's Liquefaction      Hex/Erth       #.........   100%        4    #####..
 Olgreb's Toxic Radiance  Pois           #.......     100%        4    #####..
 Petrify                  Tmut/Erth      #.......     100%        4    #####..
 Sticky Flame             Conj/Fire      #.......     100%        4    #####..
 Summon Lightning Spire   Summ/Air       #.......     100%        4    #####..
 Alistair's Intoxication  Tmut/Pois      #.......     100%        5    ######.
 Aura of Abjuration       Summ           #.........   100%        5    ######.
 Bolt of Magma            Conj/Fire/Erth #.........   100%        5    ######.
 Borgnjor's Vile Clutch   Necr/Erth      #.........   100%        5    ######.
 Excruciating Wounds      Chrm/Necr      #.........   100%        5    ######.
 Fireball                 Conj/Fire      #.........   100%        5    ######.
 Irradiate                Conj/Tmut      #.........   100%        5    ######.
 Iskenderun's Battlesphe  Conj/Chrm      #.......     100%        5    ######.
 Silence                  Hex/Air        #.........   100%        5    ######.
 Summon Demon             Summ           #.........   100%        5    ######.
 Summon Forest            Summ/Tloc      #.........   100%        5    ######.
 Summon Mana Viper        Hex/Summ       #.......     100%        5    ######.
 Yara's Violent Unravell  Hex/Tmut       #.........   100%        5    ######.
 Darkness                 Hex            #.........   100%        6    #######
 Death Channel            Necr           #.........   100%        6    #######
 Dispersal                Tloc           #.........   100%        6    #######
 Eringya's Noxious Bog    Tmut/Pois      #.........   100%        6    #######
 Hydra Form               Tmut           #.........   100%        6    #######
 Iron Shot                Conj/Erth      #.........   100%        6    #######
 Shadow Creatures         Summ           N/A          100%        6    #######
 Simulacrum               Ice/Necr       #.........   100%        6    #######
 Starburst                Conj/Fire      #.........   100%        6    #######
 Statue Form              Tmut/Erth      #........    100%        6    #######
 Dragon Form              Tmut           #.........   100%        7    #######
 Malign Gateway           Summ/Tloc      #.........   100%        7    #######
 Monstrous Menagerie      Summ           #.........   100%        7    #######
 Orb of Destruction       Conj           #.........   100%        7    #######
 Spellforged Servitor     Conj/Summ      #.........   100%        7    #######
 Summon Greater Demon     Summ           #.........   100%        7    #######
 Summon Hydra             Summ           #.........   100%        7    #######
 Controlled Blink         Tloc           N/A          100%        8    #######
 Discord                  Hex            #.........   100%        8    #######
 Disjunction              Tloc           #.........   100%        8    #######
 Summon Horrible Things   Summ           #.........   100%        8    #######
 Shatter                  Erth           #.........   100%        9    #######
 Tornado                  Air            #.........   100%        9    #######
 Passage of Golubria      Tloc           Unusable     N/A         4    N/A

Dungeon Overview and Level Annotations

Branches:
Dungeon (15/15)            Temple (1/1) D:4            Lair (6/6) D:11
 Shoals (4/4) Lair:2        Snake (4/4) Lair:4        Slime (0/5) Lair:5
    Orc (2/2) D:9             Elf (3/3) Orc:2        Vaults (5/5) D:14
  Crypt (3/3) Vaults:2       Tomb (0/3) Crypt:3      Depths (5/5) D:15
    Zot (5/5) Depths:5      IceCv (visited)         Volcano (visited)

Altars:
Ashenzari
Cheibriados
Dithmenos
Elyvilon
Fedhas
Gozag
Hepliaklqana
Kikubaaqudgha
Nemelex Xobeh
Okawaru
Qazlal
Ru
Sif Muna
Trog
Uskayaw
Vehumet
Wu Jian
Xom
Yredelemnul
Zin
The Shining One
Beogh
Jiyva
Lugonu

Shops:
D:15 *   Orc:1 [   Orc:2 *[(:   Elf:2 :   Elf:3 *   Snake:4 !   Vaults:2 (
Vaults:3 (   Vaults:5 [   Depths:1 *   Depths:2 }=}   Depths:3 %

Portals:
Hell: Depths:1 Depths:2 Depths:3 Depths:4 Depths:5
Abyss: Depths:4
Pandemonium: Depths:2 Depths:3
Ziggurat: Depths:1

Annotations:
Snake:2 Mara


Innate Abilities, Weirdness & Mutations

You reflexively headbutt those who attack you in melee.
You have a pair of horns on your head.


Message History

The lorocyproca closely misses you.
You slash the lorocyproca!
The lorocyproca is severely wounded.
You block the lorocyproca's attack.
You are feeling hungry.
You slash the lorocyproca!
The lorocyproca looks as sick as possible!
Your headbutt misses the lorocyproca.
The lorocyproca is almost dead.
You hit the lorocyproca.
You kill the lorocyproca!
You are ready to recite again.
An ice devil comes into view.
There is a stone staircase leading up here.
You climb upwards.
There is a stone staircase leading down here.
You open the door.
There is an open door here.
There is a staircase leading out of the dungeon here.
You have escaped!

###### ###....###
#........#
##[++'+++.## ####
#..+....+..## ...#
#..+.@..+...# ...#
##..+....+.#.# ...#
#...+....+)#.# >..#
#.#.+++'++.#.# ...#
#.#........#.# ...#
####.#######.##.##
...# #.......#
##.##..# ...#
#.......###..###.#
#..#
###............##..#


There were no monsters in sight!

Vanquished Creatures
  5 orbs of fire
  3 ancient liches
  Mennas (Crypt:3)
  A juggernaut (Depths:4)
  A greater mummy (Depths:3)
  Boris (Vaults:5)
  Sojobo (Depths:2)
  Bai Suzhen (Vaults:5)
  Margery (Crypt:3)
  2 Killer Klowns (Zot:5)
  A caustic shrike (Depths:4)
  Xtahua (Crypt:2)
  4 curse toes
  2 profane servitors
  7 golden dragons
  The ghost of AlexTheUnready the Slayer, an adept MiBe of Trog (Vaults:3)
  A bone dragon (Depths:5)
  8 liches
  3 electric golems
  2 Ice Fiends
  Jorgrun (Elf:2)
  23 Orb Guardians
  22 tentacled monstrosities
  Rupert (D:13)
  3 deep elf master archers (Elf:3)
  7 quicksilver dragons
  3 deep elf blademasters (Elf:3)
  7 titans (Vaults:5)
  Asterion (Depths:1)
  2 krakens (Shoals:3)
  11 sphinxes
  10 death cobs
  11 ancient champions
  11 shadow dragons
  Polyphemus (Shoals:4)
  22 storm dragons
  Donald (Vaults:4)
  Roxanne (Elf:2)
  12 tengu reavers
  4 draconian monks
  The ghost of Ypeiczuw the Spear-Bearer, an adept DsGl of Yredelemnul (Shoals:1)
  8 nagarajas
  2 revenants
  7 frost giants
  2 orc warlords
  2 iron dragons (Depths:4)
  11 deep elf sorcerers
  7 fire giants
  20 vault wardens
  6 draconian knights
  4 ghost moths
  13 draconian scorchers
  9 ghouls
  3 curse skulls
  4 draconian shifters
  A caustic shrike zombie (Depths:1)
  5 deep elf elementalists
  Aizul (Shoals:3)
  4 draconian stormcallers
  8 draconian annihilators
  A spriggan defender (Depths:4)
  4 war gargoyles (Vaults:5)
  16 ironheart preservers
  A juggernaut skeleton (Depths:4)
  9 green draconians
  16 very ugly things
  10 vampire knights
  22 stone giants
  3 reapers
  2 entropy weavers
  13 black draconians
  10 red draconians
  2 lorocyprocas (D:2)
  17 white draconians
  Azrael (D:13)
  8 deep elf annihilators
  8 spark wasps
  A spark wasp (shapeshifter) (Elf:2)
  6 deep elf demonologists
  10 yellow draconians
  9 purple draconians
  14 ettins
  8 merfolk javelineers
  Snorg (D:13)
  7 mummy priests
  15 jiangshi
  9 eidola
  8 fire dragons
  12 merfolk impalers
  4 deep elf death magi
  7 deep elf high priests
  16 yaktaur captains
  12 ogre magi
  3 hydras
  A monstrous demonspawn (Depths:2)
  Josephine (D:10)
  6 rakshasas
  6 great orbs of eyes
  11 naga warriors
  Harold (D:7)
  29 vault guards
  A hell beast (D:11)
  3 catoblepae
  9 ice dragons
  7 merfolk avatars
  An alligator snapping turtle (Shoals:4)
  2 merfolk aquamancers
  4 spriggan air magi
  12 centaur warriors
  3 death knights
  35 two-headed ogres
  7 anacondas
  A satyr (Shoals:2)
  9 deep troll earth magi
  8 deep troll shamans
  2 death yaks (Shoals:3)
  4 tengu warriors
  23 dancing weapons
  10 vampire magi
  6 spriggan berserkers
  A hell hog (Depths:3)
  4 shock serpents
  2 titan zombies
  An orc high priest (Orc:2)
  9 hell knights
  3 soul eaters
  A sun demon (Depths:5)
  32 deep elf knights
  30 skeletal warriors
  6 naga sharpshooters
  A storm dragon zombie (Crypt:3)
  4 salamander mystics
  A spark wasp zombie (Depths:1)
  A small abomination (Elf:3)
  2 iron trolls (Depths:3)
  A large abomination (D:7)
  4 unseen horrors
  5 glowing orange brains
  A sixfirhy (Depths:2)
  32 deep trolls
  4 shadow wraiths
  9 wizards
  28 deep elf archers
  A deep troll (shapeshifter) (Depths:1)
  16 sea snakes
  4 flayed ghosts
  A storm dragon skeleton (Crypt:1)
  An infernal demonspawn (Depths:2)
  An obsidian statue (D:9)
  14 phantasmal warriors
  7 naga ritualists
  17 ironbrand convokers
  5 lindwurms (Lair:5)
  2 harpies (shapeshifter)
  A lindwurm (shapeshifter) (Vaults:5)
  9 necromancers
  A shadow dragon zombie (Crypt:3)
  An anaconda skeleton (Crypt:3)
  15 orc knights
  A mana viper (shapeshifter) (Vaults:5)
  A spectral wolf spider (Crypt:2)
  30 harpies
  7 cyclopes
  An iron dragon zombie (Crypt:1)
  5 orc sorcerers
  103 deep elf magi
  2 stone giant zombies (Crypt:3)
  6 mana vipers
  8 manticores
  11 fauns
  2 frost giant zombies
  62 ugly things
  3 wolf spiders
  A dire elephant zombie (Crypt:1)
  A glowing shapeshifter (Vaults:5)
  31 moths of wrath
  17 salamanders
  2 moths of wrath (shapeshifter)
  23 black mambas
  12 elephants
  A black mamba (shapeshifter) (Elf:2)
  7 merfolk sirens
  13 vault sentinels
  6 centaur zombies
  An eye of devastation (shapeshifter) (Depths:4)
  2 ice statues (IceCv)
  12 naga magi
  3 frost giant skeletons
  2 guardian serpents
  2 elephants (shapeshifter)
  3 water nymphs
  4 human zombies
  3 molten gargoyles (Lair:6)
  A spiny frog (shapeshifter) (Vaults:2)
  3 gargoyles
  5 spectral swamp worms (Depths:5)
  An orange demon (Depths:2)
  An emperor scorpion zombie (Crypt:3)
  14 spiny frogs
  A shock serpent skeleton (Crypt:3)
  3 kobold demonologists (D:14)
  A death yak zombie (Crypt:2)
  5 freezing wraiths
  2 rime drakes (shapeshifter) (Depths:2)
  69 yaktaurs
  10 komodo dragons
  5 rime drakes
  A sea snake zombie (Crypt:2)
  2 yaktaurs (shapeshifter)
  5 human skeletons (Vaults:2)
  A tormentor (Depths:2)
  A yaktaur skeleton (Vaults:2)
  8 guardian mummies
  A merfolk (shapeshifter) (Vaults:5)
  A harpy zombie (Crypt:1)
  3 tengu conjurers
  9 trolls
  A sea snake skeleton (Crypt:3)
  2 red devils
  A polar bear (shapeshifter) (D:15)
  17 blink frogs
  43 merfolk
  12 hornets
  A sphinx simulacrum (Vaults:2)
  A tyrant leech (shapeshifter) (Depths:2)
  An ice dragon zombie (Crypt:1)
  7 wind drakes
  5 snapping turtles
  6 dream sheep (Lair:6)
  27 slime creatures
  A wolf spider simulacrum (Vaults:1)
  A deep troll zombie (Depths:1)
  2 harpy skeletons
  3 stone giant simulacra
  2 fire dragon zombies
  13 hippogriffs
  A satyr zombie (Crypt:2)
  A frost giant simulacrum (Depths:1)
  A dream sheep (shapeshifter) (D:9)
  2 air elementals
  3 flying skulls (Crypt:2)
  A spriggan skeleton (Depths:1)
  7 wyverns
  A redback (shapeshifter) (Depths:4)
  3 ushabtiu (Crypt:3)
  A centaur simulacrum (D:15)
  2 ettin skeletons
  5 shadows
  A tarantella (Vaults:1)
  11 water elementals
  2 spriggans (shapeshifter)
  An ice dragon skeleton (Crypt:2)
  3 spriggans
  2 wyverns (shapeshifter)
  2 black mamba skeletons
  13 wraiths
  A hog (shapeshifter) (Elf:2)
  31 yaks
  2 fire bats (Volcano)
  2 golden eyes (shapeshifter)
  11 fire elementals
  4 vampire mosquitoes
  A hungry ghost (D:14)
  8 basilisks
  2 steam dragons (Lair:6)
  Menkaure (D:6)
  46 nagas
  5 wargs
  A floating eye (Depths:4)
  A floating eye (shapeshifter) (Depths:1)
  16 water moccasins
  9 porcupines
  A deep troll skeleton (Vaults:2)
  A gelid demonspawn skeleton (Crypt:2)
  17 hell hounds
  16 ice beasts
  54 orc warriors
  2 black bears
  9 sky beasts
  3 phantoms
  3 snapping turtle zombies
  2 necrophages (Crypt:3)
  40 ogres
  2 eyes of draining
  2 eyes of draining (shapeshifter)
  20 wolves
  2 hornet zombies
  A blink frog skeleton (Crypt:2)
  12 centaurs
  12 boggarts
  A crocodile (shapeshifter) (Vaults:2)
  2 orc skeletons (Vaults:2)
  11 crocodiles
  Blork the orc (D:6)
  17 bullfrogs
  3 gnoll sergeants (D:9)
  A wyvern zombie (D:9)
  5 big kobolds
  An earth elemental (Elf:1)
  A glowing shapeshifter simulacrum (Vaults:2)
  2 scorpions
  A water moccasin skeleton (D:8)
  A wyvern skeleton (Crypt:1)
  9 killer bees
  19 wights
  A killer bee (shapeshifter) (Elf:2)
  A yak zombie (Crypt:3)
  2 howler monkeys (D:7)
  9 electric eels
  7 crimson imps
  5 lava snakes (Lair:6)
  2 bullfrog zombies
  A bullfrog skeleton (D:13)
  9 hounds
  3 jellies
  20 orc priests
  7 centaur skeletons
  2 iron imps (Depths:2)
  2 iguanas
  33 orc wizards
  7 worker ants
  A demigod zombie (Crypt:1)
  A crocodile zombie (Crypt:2)
  A naga skeleton (Crypt:1)
  4 hound skeletons
  A howler monkey zombie (D:7)
  6 gnolls
  3 howler monkey skeletons
  14 adders
  A swamp drake skeleton (Crypt:2)
  7 shadow imps
  2 white imps (Depths:2)
  An ufetubus (Depths:2)
  An ooze (D:6)
  2 worms (D:3)
  7 dart slugs
  8 leopard geckos
  122 orcs
  2 ball pythons
  8 giant cockroaches
  11 hobgoblins
  11 jackals
  3 quokkas
  A ball python zombie (Crypt:1)
  5 bats
  6 frilled lizards
  4 goblins
  A jackal skeleton (D:8)
  15 kobolds
  A kobold zombie (Crypt:3)
  2 leopard gecko skeletons
  A leopard gecko zombie (D:6)
  A quokka skeleton (D:4)
  11 rats
  A rat zombie (Crypt:1)
  A river rat zombie (Crypt:3)
  A butterfly (Lair:5)
  3 crawling corpses (Elf:3)
  A fire vortex (Orc:2)
  4 fungi
  11 pillars of salt
  10 plants
  6 tentacles (Shoals:3)
2663 creatures vanquished.

Vanquished Creatures (collateral kills)
  An ironheart preserver (Vaults:5)
  A deep elf high priest (Elf:3)
2 creatures vanquished.

Vanquished Creatures (others)
  The ghost of Thomus the Ruinous, an adept DECj of Vehumet (Elf:2)
  A draconian knight (Zot:2)
  A stone giant (Vaults:4)
  An ironheart preserver (Vaults:1)
  2 rakshasas (Depths:2)
  2 deep trolls (Depths:2)
  A deep elf mage (Elf:2)
  A tengu conjurer (Depths:2)
  A merfolk (Shoals:4)
  2 water elementals (Depths:2)
  An orc warrior (Vaults:4)
  An ogre (Vaults:5)
  2 boggarts (Vaults:2)
  An orc wizard (Orc:2)
  38 bushes (Depths:2)
  2 fungi
  24 pillars of salt
  58 plants
  10 tentacles (Shoals:3)
150 creatures vanquished.

Grand Total: 2815 creatures vanquished

Notes
Turn   | Place    | Note
-------+----------+-------------------------------------------
     0 | D:1      | AlexTheUnready the Minotaur Monk began the quest for the
                  | Orb.
     0 | D:1      | Reached XP level 1. HP: 19/19 MP: 0/0
   184 | D:1      | Reached skill level 4 in Fighting
   192 | D:1      | Reached XP level 2. HP: 27/27 MP: 1/1
   703 | D:1      | Reached XP level 3. HP: 34/34 MP: 2/2
  1306 | D:2      | Reached skill level 5 in Axes
  1706 | D:2      | Reached XP level 4. HP: 41/41 MP: 3/3
  2441 | D:3      | Reached skill level 1 in Armour
  2529 | D:3      | Reached skill level 5 in Fighting
  2529 | D:3      | Reached XP level 5. HP: 48/48 MP: 4/4
  3193 | D:4      | Found a staircase to the Ecumenical Temple.
  3202 | Temple   | Entered the Ecumenical Temple
  3357 | Temple   | Became a worshipper of Zin the Law-Giver
  3357 | Temple   | Reached * piety under Zin
  3357 | Temple   | Reached ** piety under Zin
  3597 | D:4      | Found a shimmering blue altar of Sif Muna.
  3718 | D:4      | Reached XP level 6. HP: 13/56 MP: 5/5
  4064 | D:4      | Reached *** piety under Zin
  4144 | D:5      | Entered Level 5 of the Dungeon
  4277 | D:5      | Reached skill level 1 in Invocations
  4842 | D:5      | Reached XP level 7. HP: 61/62 MP: 7/7
  4852 | D:5      | Reached skill level 1 in Throwing
  5199 | D:5      | Reached **** piety under Zin
  5369 | D:6      | Reached skill level 6 in Fighting
  5792 | D:6      | Reached XP level 8. HP: 67/71 MP: 9/9
  6014 | D:6      | Noticed Menkaure
  6023 | D:6      | Killed Menkaure
  6292 | D:6      | Reached ***** piety under Zin
  6426 | D:6      | Noticed Blork the orc
  6432 | D:6      | Killed Blork the orc
  6800 | D:7      | Noticed a hornet
  6812 | D:6      | Paralysed by a hornet for 1 turns
  7545 | D:7      | Reached skill level 5 in Armour
  7629 | D:7      | Reached skill level 1 in Shields
  7770 | D:7      | Noticed Harold
  8249 | D:7      | Reached skill level 7 in Fighting
  8279 | D:7      | Reached XP level 9. HP: 61/79 MP: 11/11
  8305 | D:7      | Reached skill level 10 in Axes
  8799 | D:7      | Found a white marble altar of Elyvilon.
  9128 | D:7      | Killed Harold
  9128 | D:7      | Reached skill level 5 in Invocations
 10253 | D:8      | Reached XP level 10. HP: 68/88 MP: 13/13
 10990 | D:8      | Reached skill level 5 in Shields
 11414 | D:9      | Noticed a harpy
 11415 | D:9      | Found a transporter.
 11415 | D:9      | Noticed an obsidian statue
 11420 | D:9      | Noticed an unseen horror
 11424 | D:9      | Noticed a wizard
 11483 | D:9      | Reached skill level 8 in Fighting
 11639 | D:9      | Noticed an orb spider
 11647 | D:9      | an orb spider changed into a golden eye
 12693 | D:9      | Found a staircase to the Orcish Mines.
 12804 | D:9      | Found a transporter.
 12894 | D:9      | Found a bloodstained altar of Trog.
 12894 | D:9      | Found an iron altar of Okawaru.
 13176 | D:9      | Noticed a deep troll
 13229 | D:9      | Noticed a water nymph
 13263 | D:9      | Noticed an elephant
 13263 | D:9      | a water nymph changed into an elephant
 13305 | Orc:1    | Entered Level 1 of the Orcish Mines
 13741 | Orc:1    | Noticed an orc sorcerer
 13743 | Orc:1    | Noticed an orange demon
 13749 | Orc:1    | Paralysed by an orc sorcerer for 6 turns
 13755 | Orc:1    | Noticed an orange demon
 13764 | Orc:1    | Killed an orc sorcerer
 13764 | Orc:1    | Reached XP level 11. HP: 56/95 MP: 15/15
 14113 | Orc:1    | Noticed an orc knight
 14137 | Orc:1    | Killed an orc knight
 14230 | Orc:1    | Reached ****** piety under Zin
 14240 | Orc:1    | Noticed an orc knight
 14317 | Orc:1    | Killed an orc knight
 14499 | Orc:1    | Found a bloodstained altar of Trog.
 14710 | Orc:2    | Entered Level 2 of the Orcish Mines
 14712 | Orc:2    | Found a staircase to the Elven Halls.
 14721 | Orc:2    | Noticed an orc knight
 14768 | Orc:1    | HP: 4/95 [orc knight/bolt (5)]
 15077 | Orc:1    | Killed an orc knight
 15800 | Orc:1    | Found Gushrit's Antique Armour Boutique.
 16061 | Orc:2    | Noticed an orc knight
 16506 | Orc:2    | Killed an orc knight
 16506 | Orc:2    | Reached skill level 9 in Fighting
 16742 | Orc:2    | Noticed an orc high priest
 16743 | Orc:2    | Noticed a sun demon
 16849 | Orc:2    | Killed an orc high priest
 17107 | Orc:2    | Noticed an orc warlord
 17318 | D:10     | Entered Level 10 of the Dungeon
 18326 | D:10     | Noticed Josephine
 18352 | D:10     | Killed Josephine
 18352 | D:10     | Reached XP level 12. HP: 89/105 MP: 17/17
 19053 | D:11     | Found a staircase to the Lair.
 20000 | Lair:1   | Entered Level 1 of the Lair of Beasts
 20883 | Lair:1   | Reached skill level 10 in Fighting
 20892 | Lair:1   | Reached skill level 10 in Armour
 21181 | Lair:1   | Got a steaming mace
 21183 | Lair:1   | Identified the +1 mace of Ewenneha {protect, SInv} (You
                  | found it on level 1 of the Lair of Beasts)
 21950 | Lair:2   | Reached skill level 10 in Shields
 22783 | Lair:2   | Found a staircase to the Shoals.
 23580 | Lair:3   | Reached XP level 13. HP: 81/114 MP: 19/19
 23591 | Lair:3   | Reached skill level 10 in Invocations
 25571 | Lair:4   | Found a dark tunnel.
 25580 | Volcano  | Entered a volcano
 25656 | Volcano  | Reached skill level 15 in Axes
 26731 | Lair:4   | Reached skill level 11 in Fighting
 26759 | Lair:4   | Found a staircase to the Snake Pit.
 28015 | Lair:5   | Found a viscous altar of Jiyva.
 28015 | Lair:5   | Found a staircase to the Slime Pits.
 28705 | Lair:5   | Got a scintillating ivory ring
 28724 | Lair:5   | Identified the ring "Seshusaj" {rPois rC+ rN+ MR+} (You
                  | found it on level 5 of the Lair of Beasts)
 28762 | Lair:6   | Entered Level 6 of the Lair of Beasts
 28777 | Lair:6   | Reached skill level 5 in Throwing
 28989 | Lair:6   | Found a frozen archway.
 29055 | IceCv    | Entered an ice cave
 30115 | IceCv    | Reached XP level 14. HP: 124/124 MP: 21/21
 30461 | IceCv    | Got a heavily runed granite ring
 30463 | IceCv    | Identified the ring of Pyromania {MR- rCorr Dex+6} (You
                  | found it in an ice cave)
 31617 | Lair:6   | Found a large runed translucent door.
 31634 | Lair:6   | Found a large runed translucent door.
 33045 | Lair:1   | Reached skill level 12 in Fighting
 33045 | Lair:1   | Reached XP level 15. HP: 132/132 MP: 22/22
 33202 | Orc:2    | Found a roughly hewn altar of Beogh.
 33344 | Orc:2    | Killed an orc warlord
 33791 | Orc:2    | Found a roughly hewn altar of Beogh.
 33899 | Orc:2    | Found Poataad's Book Boutique.
 33999 | Orc:2    | Found Iskion's Antique Armour Boutique.
 34310 | Orc:2    | Found Litzilul's General Store.
 34325 | Orc:2    | Found Diplomp's Antique Weapon Boutique.
 34417 | Orc:2    | Found an iron altar of Okawaru.
 34876 | Orc:1    | Bought a pair of glowing boots for 240 gold pieces
 34876 | Orc:1    | Bought an embroidered cloak for 240 gold pieces
 34887 | Orc:1    | Identified a +1 pair of boots of running (You bought it in
                  | a shop on level 1 of the Orcish Mines)
 34946 | Orc:2    | Bought a bloodstained war axe for 289 gold pieces
 34961 | Orc:2    | Identified the +9 war axe of Tism {venom, Str+8 Int-3} (You
                  | bought it in a shop on level 2 of the Orcish Mines)
 35164 | Snake:1  | Entered Level 1 of the Snake Pit
 35821 | Snake:1  | Noticed a nagaraja
 38182 | Snake:2  | Reached XP level 16. HP: 109/141 MP: 24/24
 38534 | Snake:2  | You fall into a shaft and drop 1 floor!
 39611 | Snake:3  | Noticed Mara
 39613 | Snake:3  | Noticed AlexTheUnready's illusion
 39963 | Snake:2  | Reached skill level 13 in Fighting
 42126 | Snake:3  | Noticed AlexTheUnready's illusion
 43531 | Shoals:1 | Entered Level 1 of the Shoals
 44487 | Shoals:1 | Found a transporter.
 44612 | Shoals:1 | Found a bloodstained altar of Trog.
 44612 | Shoals:1 | Noticed Ypeiczuw's ghost (adept DsGl)
 44619 | Shoals:1 | Identified the +11 trident of Paqal {elec, Int+4}
 44620 | Shoals:1 | Identified the +1 trident of Winter {freeze, *Noise rElec
                  | Str+3 Int+4}
 45350 | Shoals:1 | Found a transporter.
 45514 | Shoals:1 | Reached skill level 15 in Shields
 46411 | Shoals:2 | Reached XP level 17. HP: 34/150 MP: 26/26
 47061 | Shoals:2 | You fall into a shaft and drop 1 floor!
 47777 | Shoals:3 | Reached skill level 14 in Fighting
 47836 | Shoals:3 | Noticed a kraken
 47850 | Shoals:3 | Killed a kraken
 47861 | Shoals:3 | Noticed a kraken
 47873 | Shoals:3 | Killed a kraken
 49431 | D:13     | Noticed Rupert
 49446 | D:13     | Killed Rupert
 49550 | D:13     | Noticed Snorg
 49571 | D:13     | Killed Snorg
 50083 | D:13     | Noticed Azrael
 50098 | D:13     | Killed Azrael
 50770 | D:13     | Found the +6 arbalest "Damnation" {damnation}
 50776 | D:13     | Identified Roxanne's Compendium of the Amoeba
 51057 | D:13     | Got a pair of brightly glowing boots
 51171 | D:13     | Identified the +0 pair of boots of the Ten Nightcaps
                  | {Str+2} (You found it on level 13 of the Dungeon)
 51429 | D:14     | Identified a scroll of acquirement
 51431 | D:14     | Acquired 570 gold pieces
 51609 | D:14     | Found a gate to the Vaults.
 52139 | D:14     | Acquired 1220 gold pieces
 52187 | D:15     | Entered Level 15 of the Dungeon
 52189 | D:15     | Reached skill level 15 in Fighting
 52266 | D:15     | Reached XP level 18. HP: 163/163 MP: 27/27
 52647 | D:15     | Found a staircase to the Depths.
 52826 | D:15     | Found Atoav's General Store.
 52864 | D:15     | Got a jewelled cloak
 52875 | D:15     | Identified the +2 cloak of the Sky {rPois Str-4 Dex+3} (You
                  | found it on level 15 of the Dungeon)
 53528 | Snake:4  | Entered Level 4 of the Snake Pit
 53884 | Snake:4  | Found Kiasek's Distillery.
 53892 | Snake:4  | Bought a potion of haste for 150 gold pieces
 53892 | Snake:4  | Bought a potion of haste for 150 gold pieces
 55983 | Snake:4  | Got a serpentine rune of Zot
 56390 | Shoals:4 | Entered Level 4 of the Shoals
 57043 | Shoals:3 | Reached skill level 15 in Armour
 57289 | Shoals:4 | Noticed Polyphemus
 57290 | Shoals:4 | Noticed Aizul
 57335 | Shoals:3 | Killed Aizul
 57407 | Shoals:4 | Killed Polyphemus
 57407 | Shoals:4 | Reached skill level 15 in Invocations
 58202 | Shoals:4 | Got a barnacled rune of Zot
 58313 | Shoals:4 | Reached skill level 16 in Fighting
 59388 | Shoals:4 | Identified Komoiq's Volume of Displacement and Bewitchment
 59669 | Vaults:1 | Entered Level 1 of the Vaults
 59685 | Vaults:1 | Reached XP level 19. HP: 138/172 MP: 29/29
 61309 | Vaults:1 | Reached skill level 17 in Fighting
 63439 | Vaults:2 | Reached XP level 20. HP: 172/187 MP: 31/31
 64135 | Vaults:2 | Reached skill level 18 in Fighting
 64528 | Vaults:2 | Found Voolir's Weapon Boutique.
 65052 | Vaults:2 | Found a staircase to the Crypt.
 65130 | Vaults:2 | You fall into a shaft and drop 1 floor!
 65130 | Vaults:3 | Found Gaomp's Antique Weapon Shop.
 66163 | Vaults:3 | Found a runed translucent gate.
 66163 | Vaults:3 | Noticed AlexTheUnready's ghost (adept MiBe)
 66164 | Vaults:3 | Found a runed translucent gate.
 66164 | Vaults:3 | Found a runed translucent gate.
 68734 | Vaults:4 | Reached XP level 21. HP: 196/196 MP: 32/32
 68776 | Vaults:4 | Noticed Donald
 68800 | Vaults:4 | Killed Donald
 68800 | Vaults:4 | Reached skill level 19 in Fighting
 70336 | Elf:1    | Entered Level 1 of the Elven Halls
 71323 | Elf:1    | Identified the Tome of Confrontation and Companions
 72005 | Elf:2    | Noticed Roxanne
 72031 | Elf:2    | Killed Roxanne
 72322 | Elf:2    | Identified the cursed +2 short sword of Docuc {vorpal,
                  | rC+++ Str-3 Dex+3 Stlth+}
 72324 | Elf:2    | Noticed Jorgrun
 72341 | Elf:2    | Killed Jorgrun
 72452 | Elf:2    | Found Qoenoq's Book Shoppe.
 72478 | Elf:2    | Found a runed translucent gate.
 72478 | Elf:2    | Found a runed translucent gate.
 72478 | Elf:2    | Found a runed translucent gate.
 72521 | Elf:2    | Found a transporter.
 72525 | Elf:2    | Noticed Thomus's ghost (adept DECj)
 72539 | Elf:2    | Found a transporter.
 73883 | Crypt:1  | Entered Level 1 of the Crypt
 73931 | Vaults:2 | Reached skill level 20 in Fighting
 74260 | Crypt:1  | Reached XP level 22. HP: 201/209 MP: 33/33
 75039 | Crypt:2  | Noticed Xtahua
 75055 | Crypt:2  | Killed Xtahua
 75526 | Crypt:2  | Found a transporter.
 75538 | Crypt:2  | Got a polished plate armour
 75549 | Crypt:2  | Identified the +3 plate armour of Usepeqoq {rC+ MR- rCorr
                  | Int+7} (You found it on level 2 of the Crypt)
 75641 | Crypt:2  | Found a transporter.
 75643 | Crypt:2  | Noticed an ancient lich
 75708 | Crypt:2  | Found a transporter.
 75772 | Crypt:2  | Found a transporter.
 75772 | Crypt:2  | Found a transporter.
 76416 | Depths:1 | Entered Level 1 of the Depths
 76840 | Depths:1 | Paralysed by a floating eye for 3 turns
 76957 | Depths:1 | Found a gateway to a ziggurat.
 76985 | Depths:1 | Found Taov Ofu's Assorted Antiques.
 77691 | Depths:1 | Found a gateway to Hell.
 78323 | Depths:2 | Noticed Sojobo
 78976 | Depths:2 | Identified the Compendium of Unstable Flight
 78980 | Depths:2 | Identified Caucvor's Reference Book on Augmentations and
                  | the Voyage
 78983 | Depths:2 | Identified the Compendium of Arcane Weapons
 79091 | Depths:2 | Killed Sojobo
 79657 | Depths:2 | Noticed Asterion
 79681 | Depths:1 | Killed Asterion
 79845 | Depths:2 | Reached skill level 21 in Fighting
 80230 | Depths:2 | Found a one-way gate leading to the halls of Pandemonium.
 80772 | Depths:2 | Found Qengaf's Gadget Shop.
 80772 | Depths:2 | Found Tyuwogeg's Jewellery Shoppe.
 80773 | Depths:2 | Found Hymileh's Gadget Shop.
 81166 | Depths:3 | Reached XP level 23. HP: 220/220 MP: 35/35
 82494 | Depths:3 | Noticed a greater mummy
 83000 | Depths:3 | Reached skill level 10 in Throwing
 83694 | Depths:3 | Killed a greater mummy
 83956 | Depths:3 | Found Bint's Food Shoppe.
 85089 | Depths:4 | Paralysed by a floating eye for 2 turns
 85094 | Depths:4 | Reached skill level 22 in Fighting
 85099 | Depths:4 | Paralysed by a floating eye for 3 turns
 85116 | Depths:4 | Paralysed by a floating eye for 4 turns
 85544 | Depths:4 | Found a corrupted altar of Lugonu.
 85544 | Depths:4 | Found a one-way gate to the infinite horrors of the Abyss.
 86556 | Depths:4 | Noticed a caustic shrike
 86578 | Depths:4 | Killed a caustic shrike
 86863 | Depths:4 | Reached XP level 24. HP: 182/233 MP: 35/35
 87210 | Depths:4 | Noticed a juggernaut
 87224 | Depths:4 | Killed a juggernaut
 87470 | Depths:5 | Entered Level 5 of the Depths
 87693 | Depths:5 | Got a pair of fine gloves
 87704 | Depths:5 | Identified the cursed +0 pair of gloves "Weitaimp" {Str+3
                  | Int+3} (You found it on level 5 of the Depths)
 88354 | Depths:5 | Reached skill level 23 in Fighting
 88741 | Depths:5 | Found a gate to the Realm of Zot.
 89260 | D:9      | Identified Gefi's Catalogue of Freezing Execration
 89422 | Elf:2    | Killed Thomus's ghost
 89438 | Elf:2    | Got a warped turquoise ring
 89445 | Elf:2    | Got a pair of warped boots
 89450 | Elf:2    | Identified the cursed +0 pair of boots of Asumeas {MR+
                  | Dex+4 SInv} (You found it on level 2 of the Elven Halls)
 89451 | Elf:2    | Identified the ring of Beogh's Approval {rF+ rC+ Int+4}
                  | (You found it on level 2 of the Elven Halls)
 89834 | Shoals:1 | Killed Ypeiczuw's ghost
 90249 | Vaults:3 | Killed AlexTheUnready's ghost
 90858 | Crypt:2  | Killed an ancient lich
 91169 | Crypt:2  | Got a scorched platinum ring
 91189 | Crypt:2  | Identified the ring "Irrao" {rCorr Str+5 Dex-4 SInv} (You
                  | found it on level 2 of the Crypt)
 91250 | Crypt:3  | Entered Level 3 of the Crypt
 91291 | Crypt:3  | Found a staircase to the Tomb.
 91434 | Crypt:3  | Noticed Mennas
 91480 | Crypt:3  | Killed Mennas
 92033 | Crypt:3  | Reached XP level 25. HP: 217/245 MP: 35/36
 93082 | Crypt:3  | Reached skill level 24 in Fighting
 93428 | Crypt:3  | Noticed Margery
 93449 | Crypt:3  | Killed Margery
 94329 | Crypt:3  | Found an ancient bone altar of Kikubaaqudgha.
 94336 | Crypt:3  | Found a basalt altar of Yredelemnul.
 94381 | Crypt:3  | Found the +3 Elemental Staff {rElec rF++ rC++ MR++ AC+5}
 94383 | Crypt:3  | Got a scintillating copper ring
 94383 | Crypt:3  | Got a shimmering ivory ring
 94387 | Crypt:3  | Identified the Reference Book on Igneous Earth
 94737 | Crypt:3  | Identified the ring of Siomoal {rN+ Int+4} (You found it on
                  | level 3 of the Crypt)
 94738 | Crypt:3  | Identified the ring "Daliu" {+Fly rN+ Dex+2 Stlth+} (You
                  | found it on level 3 of the Crypt)
 95194 | Elf:3    | Entered Level 3 of the Elven Halls
 95208 | Elf:3    | Found Kurem's Assorted Antiques.
 95253 | Elf:3    | Bought a potion of haste for 310 gold pieces
 95253 | Elf:3    | Bought a scroll of summoning for 294 gold pieces
 95994 | Elf:3    | Reached skill level 25 in Fighting
 96216 | Elf:3    | Identified the cursed +2 great sword "Zopy" {drain, rPois
                  | rN+}
 96351 | Elf:3    | Identified the cursed +3 mace of Eghau {venom, +Inv Str-2
                  | Int+7 Stlth+}
 96798 | Elf:3    | Identified the Guide on Attacks and Transmigration
 96803 | Elf:3    | Identified the Almanac of the Doomed Entourage
 97614 | Vaults:5 | Entered Level 5 of the Vaults
 97614 | Vaults:5 | Noticed an ancient lich
 97618 | Vaults:5 | Reached XP level 26. HP: 223/258 MP: 35/36
 97641 | Vaults:4 | Killed an ancient lich
 97801 | Vaults:5 | Paralysed by a floating eye for 4 turns
 98403 | Vaults:5 | Reached skill level 26 in Fighting
 99551 | Vaults:5 | Noticed Boris
 99572 | Vaults:5 | Killed Boris
 99670 | Vaults:5 | Identified the +10 war axe "Benkammae" {freeze, Stlth+}
 99867 | Vaults:5 | Found Mestruog's Armour Shop.
100834 | Vaults:5 | Noticed Bai Suzhen
100853 | Vaults:5 | Killed Bai Suzhen
100880 | Vaults:5 | Got a silver rune of Zot
100881 | Vaults:5 | Identified Xenolal's Guide on Aerial Cold
101587 | Zot:1    | Entered Level 1 of the Realm of Zot
101705 | Zot:1    | Reached XP level 27. HP: 265/271 MP: 0/37
102410 | Zot:1    | Reached skill level 27 in Fighting
103533 | Zot:2    | Found the +7 Kryia's mail coat {PotionHeal*2 rC+}
105468 | Zot:3    | Noticed an orb of fire
105642 | Zot:3    | Killed an orb of fire
106539 | Zot:3    | Noticed an orb of fire
106566 | Zot:3    | Killed an orb of fire
111439 | Zot:5    | Entered Level 5 of the Realm of Zot
112871 | Zot:5    | Noticed an orb of fire
112872 | Zot:5    | Noticed an orb of fire
113112 | Zot:5    | Killed an orb of fire
113133 | Zot:5    | Killed an orb of fire
113330 | Zot:5    | Noticed an ancient lich
113336 | Zot:5    | Killed an ancient lich
113860 | Zot:5    | Noticed an orb of fire
113970 | Zot:5    | Killed an orb of fire
115911 | Zot:5    | Got the Orb of Zot
116478 | D:3      | Reached skill level 15 in Throwing
116568 | D:$      | Escaped with the Orb!

Illustrated notes

Levels and vault maps discovered:
D:1:      lightli_arrival_maybe_door_vault, layout_rooms, minmay_misc_feat_five,
          minmay_stone_trees_large
D:2:      layout_basic, grunt_decor_one_mirror, minmay_misc_feat_tower,
          chequers_decorated_corner, minmay_misc_feat_rows
D:3:      kennysheep_slugbush, layout_basic, kennysheep_generic_room_9
D:4:      layout_rooms, nicolae_overflow_hidden_temple,
          minmay_temple_entry_crystal_x, first_ration, minmay_checkerbox
D:5:      layout_loops_cross
D:6:      layout_gridville, minivault_10, uniq_menkaure, uniq_blork_the_orc
D:7:      layout_layer_cave, kennysheep_mini, grunt_ogre_cave, uniq_harold
D:8:      layout_cave_pools, st_stairs_9, corexii_hall_statues_i,
          chequers_serial_rivers_micro_e, minmay_manual_monstrance
D:9:      gammafunk_sealed_arena, layout_long_grid,
          grunt_temple_overflow_bloody_war,
          kennysheep_orc_monster_closet_entryway
D:10:     minmay_recursive_quarters, layout_long_grid, dk_noncrumbling_3,
          nrook_guardian_serpent_ordinary, uniq_josephine
D:11:     layout_cave_pods, lair_entry_dummy
D:12:     layout_roguey
D:13:     minmay_elf_outpost, layout_grid_maze, uniq_azrael, uniq_rupert,
          uniq_snorg
D:14:     layout_irregular_city, david_vaults_1
D:15:     hangedman_depths_entry_civil_slaughter, layout_loops_ring,
          serial_shops, nicolae_shop_temple_entry_statues_fountains,
          minmay_misc_feat_pillars
Temple:   minmay_crystal_spiral_temple
Lair:1:   layout_loops_ring, beast_lair_carwin_9, grunt_megastairs_2,
          serial_bayou_shore_b
Lair:2:   layout_cave_shapes, minmay_shoals_entry_hut,
          nicolae_lair_grove_arrangements
Lair:3:   layout_long_grid, serial_bayou_shore_b, serial_bayou_shore_a
Lair:4:   layout_big_grid, minmay_snake_entry_guardpost_small, enter_volcano_2
Lair:5:   layout_misc_corridors, slime_altar_1, minmay_lindwurm_lava,
          grunt_megastairs_4, lemuel_fruit_fields
Lair:6:   cheibrodos_lair_end_hotspot, layout_regular_city, portal_ice_cave_rime
Shoals:1: layout_shoals, gammafunk_ghost_wrathful_warriors,
          nicolae_shoals_flooded_hall
Shoals:2: layout_shoals, nicolae_shoals_seven_spires
Shoals:3: argonaut_golden_fleece, layout_shoals, ldierk_geyser
Shoals:4: shoals_end_hangedman, layout_shoals, uniq_aizul, uniq_polyphemus
Snake:1:  layout_chambers, serial_bayou_lagoon_b
Snake:2:  layout_onion, drop_trap, st_stairs_4
Snake:3:  layout_grid_shapes, serial_bayou_shore_b, uniq_mara
Snake:4:  minmay_snake_end_coiled, layout_chambers, serial_shops,
          nicolae_shop_stone
Orc:1:    cheibrodos_orc_arena, layout_caves, serial_shops,
          nicolae_shop_window_shopping, david_defended_altar_orc
Orc:2:    grunt_orc_cross, layout_caves, basic_altar, nicolae_orc_lava_tube,
          okawaru_metal_pillars_1_2
Elf:1:    elf_arrival_001, layout_geoelf_diagonals, minmay_elf_sorcery,
          moated_statue, moated_statue, minivault_11, corner_web_ring
Elf:2:    layout_geoelf_grid, gammafunk_ghost_berserking_beasts, serial_shops,
          shop, uniq_roxanne, uniq_jorgrun
Elf:3:    minmay_elf_hall_furrowed, layout_geoelf_castle, serial_shops, shop,
          lemuel_flamethrower_hall
Vaults:1: grunt_vaults_focal, hangedman_vaults_capsules, v_misc_19,
          nicolae_vaults_know_your_exits, nicolae_vaults_big_ls, v_misc_17,
          v_rooms_4, nicolae_vaults_specimen_jars, v_misc_22,
          hangedman_vaults_locks, vaults_mumra_minichess_inversion,
          vaults_room_door_hall, vaults_dpeg_hooks, layout_vaults_ring
Vaults:2: minmay_crypt_entry_skeletal_spiral, nicolae_vaults_network_star,
          vaults_room_pools, nicolae_vaults_network_quincunx
          [nicolae_vaults_network_quincunx_subvault,
          nicolae_vaults_network_quincunx_subvault,
          nicolae_vaults_network_quincunx_subvault,
          nicolae_vaults_network_quincunx_subvault,
          nicolae_vaults_network_quincunx_subvault], v_rooms_2,
          nicolae_vaults_little_squares_1, vaults_mumra_hexcomb,
          grunt_vaults_diagonal, ontoclasm_vaults_gallery,
          ontoclasm_vaults_claustrophobia, grunt_vaults_swirl,
          ontoclasm_vaults_tryst, v_misc_5, nicolae_vaults_ring_of_whatevers,
          layout_vaults_omnibox, serial_shops, shop_coins
Vaults:3: gammafunk_vaults_ghost_spectres, vaults_room_pools,
          ontoclasm_vaults_decontamination, nicolae_vaults_little_squares_2,
          st_cells, hangedman_vaults_stretched_pinwheel,
          nicolae_vaults_shelves_hall, vaults_room_hallway,
          vaults_dpeg_encased_lava, layout_vaults_chaotic_city, serial_shops,
          nicolae_shop_overgrown_old_shop
Vaults:4: nicolae_vaults_yaktaur_gun_rack, v_misc_30, v_alt_pattern_4,
          layout_vaults_omnigrid, uniq_donald
Vaults:5: uniq_boris, uniq_bai_suzhen
Crypt:1:  layout_rooms
Crypt:2:  gammafunk_the_bubble [the_bubble_gammafunk_roulette],
          layout_chaotic_city, hangedman_weighted_door, uniq_xtahua
Crypt:3:  lightli_unholy_cathedral, layout_chaotic_city,
          tomb_entry_forgotten_bobbens, grunt_ministairs_4, uniq_mennas,
          uniq_margery
Depths:1: layout_basic, enter_ziggurat_f, serial_bayou_pond_d,
          pf_hell_entry_great_geh, minmay_microvault, minmay_shop_star
Depths:2: minmay_the_grid_octo_triangle [minmay_the_grid_octo_clover,
          minmay_the_grid_octo_prize_star, minmay_the_grid_octo_empty],
          layout_cave_pools, minmay_hedge_maze, serial_bayou,
          serial_bayou_pond_e, serial_bayou_pond_b, serial_bayou_lagoon_a,
          serial_bayou_pond_c, hell_entry, grunt_pan_entry_spiral,
          kennysheep_four_rooms, minmay_shop_grove, uniq_sojobo, uniq_asterion
Depths:3: ragdoll_tomb_raider, layout_basic, grunt_hell_horde,
          kennysheep_path_1, pan_entry, serial_shops, shop,
          infiniplex_staircase_zigzag_5
Depths:4: minmay_swirls_squares, layout_cave_pools,
          lightli_enter_wizlab_magi_temple, abyss_entry_flame_altar, hell_entry,
          hangedman_glass_teeth
Depths:5: evilmike_zot_entry_round, layout_cave_pools, pf_hell_entry_tar_river
Zot:1:    layout_onion
Zot:2:    layout_gridlike
Zot:3:    layout_misc_corridors
Zot:4:    layout_basic, evilmike_ambush [evilmike_ambush_outer_pillars,
          evilmike_ambush_inner_pond]
Zot:5:    layout_misc_corridors

Skill      XL: |  1  2  3  4  5  6  7  8  9 10 11 12 13 14 15 16 17 18 19 20 21 22 23 24 25 26 27 |
---------------+----------------------------------------------------------------------------------+-----
Fighting       | 4 5 6 7 8 9 10 11 12 13 15 16 17 18 20 21 22 23 25 26 27 | 27.0
Axes           | 4 5 6 7 8 9 11 12 13 14 15 16 17 18 | 18.0
Armour         | 1 2 3 4 5 6 8 9 10 11 12 13 14 15 16 17 18 19 20 21 25 | 25.9
Invocations    | 1 3 4 6 7 8 9 11 12 13 14 15 16 17 18 19 20 21 23 25 | 25.7
Throwing       | 1 2 3 4 5 6 7 8 9 10 11 12 15 | 15.0
Shields        | 1 4 6 8 10 11 12 13 15 17 18 20 21 23 24 25 | 25.0
Dodging        | |  3.2
Stealth        | |  1.5

Action                   |  1- 3 |  4- 6 |  7- 9 | 10-12 | 13-15 | 16-18 | 19-21 | 22-24 | 25-27 || total
-------------------------+-------+-------+-------+-------+-------+-------+-------+-------+-------++-------
Melee: Hand axe          |    85 |   135 |       |       |     3 |     9 |       |       |       ||   232
       Headbutt          |    13 |    30 |    59 |   265 |   295 |   456 |   532 |   595 |   695 ||  2940
       War axe           |       |    38 |   365 |  1213 |   911 |  1115 |  1671 |  1622 |  1986 ||  8921
       Eveningstar       |       |       |       |       |     3 |       |       |       |       ||     3
       Broad axe         |       |       |       |       |   372 |   678 |       |       |   106 ||  1156
Throw: Dart              |       |    13 |    11 |   101 |    41 |       |     5 |       |       ||   171
       Boomerang         |       |       |     6 |    26 |   107 |   207 |     8 |    50 |    30 ||   434
       Throwing net      |       |       |     2 |     1 |       |       |       |       |       ||     3
       Javelin           |       |       |       |       |       |       |    44 |    31 |   134 ||   209
Invok: Recite            |       |     2 |     8 |    19 |     2 |     5 |    13 |    51 |    46 ||   146
       Sanctuary         |       |       |     1 |       |       |       |       |     1 |     2 ||     4
       Vitalisation      |       |       |       |     4 |     7 |     9 |     4 |    12 |    18 ||    54
Evoke: Wand              |       |       |       |       |       |     2 |       |       |       ||     2
  Use: Scroll            |       |     1 |     8 |    12 |     8 |    12 |     1 |    19 |    19 ||    80
       Potion            |       |       |     1 |     4 |     6 |     2 |       |     4 |    12 ||    29
 Stab: Sleeping          |     1 |       |       |       |       |       |       |       |       ||     1
       Confused          |       |       |       |     4 |       |     2 |    17 |    25 |    49 ||    97
       Paralysed         |       |       |       |     8 |       |       |     5 |     4 |     4 ||    21
       Invisible         |       |       |       |     5 |       |       |       |       |       ||     5
       Held in net/web   |       |       |       |     1 |       |       |       |       |       ||     1
       Distracted        |       |       |       |       |       |       |       |     1 |     1 ||     2
  Eat: Chunk             |     2 |     6 |     5 |    15 |    19 |    13 |     5 |     5 |    10 ||    80
       Ration            |       |     1 |     4 |     8 |     8 |    16 |    13 |    14 |    19 ||    83
Armor: Robe              |    18 |       |       |       |       |       |       |       |       ||    18
       Ring mail         |     6 |    49 |       |       |       |       |       |       |       ||    55
       Scale mail        |       |     7 |    25 |       |       |       |       |       |       ||    32
       Plate armour      |       |       |   170 |   455 |   411 |   621 |   340 |   334 |       ||  2331
       Gold dragon scale |       |       |       |       |       |       |       |   164 |   744 ||   908
Dodge: Dodged            |    51 |   119 |    55 |   126 |   171 |   290 |   203 |   229 |   340 ||  1584
Block: Tower shield      |       |       |   143 |   879 |  1022 |  1776 |  1365 |  1614 |  2086 ||  8885
